 Dungeon Crawl Stone Soup version 0.29.1-1-gd02db6906a (webtiles) character file.

Game seed: 12929865027108701340

116526 Earthwalker the Spear-Bearer (level 16, -9/145 HPs)
             Began as a Minotaur Fighter on Oct 12, 2022.
             Was the Champion of Okawaru.
             Mangled by Donald
             ... wielding a +4 long sword of holy wrath
              (10 damage)
             ... on level 1 of the Spider Nest on Oct 13, 2022.
             The game lasted 03:12:57 (36820 turns).

Earthwalker the Spear-Bearer (Minotaur Fighter)    Turns: 36820, Time: 03:12:57

Health: -9/145     AC: 35    Str: 32    XL:     16   Next: 21%
Magic:  21/21      EV: 11    Int: 16    God:    Okawaru [******]
Gold:   768        SH:  7    Dex:  9    Spells: 15/15 levels left

rFire   . . .      SeeInvis +   z - +8 spear of the Apocalypse {flame, rN+ Int+4 Stlth+}
rCold   . . .      Faith    .   c - +0 buckler
rNeg    + . .      Spirit   .   l - +7 plate armour
rPois   .          Reflect  .   L - +2 hat {Stlth+}
rElec   .          Harm     .   K - +0 cloak {Will+}
rCorr   .          Rampage  +   U - +1 pair of gloves
Will    ++...                   g - +0 pair of boots {rampage}
Stlth   ++........              O - amulet of Hiazxiy {RegenMP Str+4 Int+5}
HPRegen 0.34/turn               w - ring of see invisible
MPRegen 0.57/turn               H - +4 ring of protection

@: studying 5 skills
A: horns 2, retaliatory headbutt
a: Renounce Religion, Heroism, Finesse, Duel


You were on level 1 of the Spider Nest.
You worshipped Okawaru.
Okawaru was exalted by your worship.
You visited 6 branches of the dungeon, and saw 25 of its levels.
You visited 1 bazaar.

You collected 2718 gold pieces.
You spent 1950 gold pieces at shops.

Inventory:

Hand Weapons
 h - a +3 vampiric spear
 z - the +8 spear of the Apocalypse (weapon) {flame, rN+ Int+4 Stlth+}
   (You took it off a gnoll on level 5 of the Dungeon)

   It burns those it strikes, dealing additional fire damage.
   Int:       It affects your intelligence (+4).
   rN:        It protects you from negative energy.
   Stlth:     It makes you more stealthy.
Missiles
 e - 11 atropa-tipped darts
 i - 57 poisoned darts
 q - 3 silver javelins
 B - 16 javelins
 C - 5 silver boomerangs
 M - 15 boomerangs (quivered)
 V - 2 datura-tipped darts
 Z - a boomerang of dispersal
Armour
 c - a +0 buckler (worn)
 g - a +0 pair of boots of rampaging (worn)
 l - a +7 plate armour (worn)
 n - a +2 leather armour of poison resistance
 x - the +3 plate armour of Gephacue {MP+9}
   (You found it on level 15 of the Dungeon)

   MP:        It affects your magic capacity (+9).
 K - a +0 cloak of willpower (worn)
 L - a +2 hat of stealth (worn)
 U - a +1 pair of gloves (worn)
Jewellery
 w - a ring of see invisible (left hand)
 H - a +4 ring of protection (right hand)
 O - the amulet of Hiazxiy (around neck) {RegenMP Str+4 Int+5}
   (You took it off a wight on level 9 of the Dungeon)

   [amulet of magic regeneration]

   It increases your rate of magic regeneration.
   Str:       It affects your strength (+4).
   Int:       It affects your intelligence (+5).
Wands
 p - a wand of roots (2)
 v - a wand of polymorph (28)
 E - a wand of quicksilver (23)
 F - a wand of mindburst (14)
 I - a wand of flame (43)
 P - a wand of paralysis (22)
 Y - a wand of digging (15)
Scrolls
 a - a scroll of brand weapon
 k - 13 scrolls of teleportation
 s - 4 scrolls of amnesia
 u - a scroll of poison
 N - 2 scrolls of enchant armour
 R - 4 scrolls of vulnerability
 S - a scroll of silence
 T - a scroll of blinking
 X - 2 scrolls of enchant weapon
Potions
 b - a potion of invisibility
 d - 7 potions of might
 f - 3 potions of cancellation
 j - 6 potions of mutation
 m - 7 potions of brilliance
 o - 10 potions of curing
 r - 5 potions of flight
 t - 2 potions of haste
 A - 2 potions of ambrosia
 D - 6 potions of attraction
 G - 3 potions of berserk rage
 J - 3 potions of lignification
 Q - 2 potions of magic
 W - 2 potions of resistance


   Skills:
 * Level 13.8 Fighting
 * Level 14.9 Polearms
 * Level 9.7 Throwing
 * Level 14.6 Armour
 * Level 11.9 Dodging
 * Level 9.9 Stealth
 * Level 13.6 Shields
 * Level 8.2 Invocations
 * Level 7.4 Evocations


You had 15 spell levels left.
You didn't know any spells.
Your spell library contained the following spells:

 Spells                   Type           Power      Damage    Failure   Level
 Magic Dart               Conj           0%         1d3       83%         1
 Necrotise                Necr           0%         1d4       83%         1
 Slow                     Hex            0%         N/A       83%         1
 Ensorcelled Hibernation  Hex/Ice        0%         N/A       92%         2
 Passwall                 Tmut/Erth      0%         N/A       92%         2
 Confusing Touch          Hex            0%         N/A       99%         3
 Frozen Ramparts          Ice            0%         1d1       99%         3
 Gell's Gravitas          Tloc           0%         N/A       99%         3
 Lesser Beckoning         Tloc           0%         N/A       99%         3
 Mephitic Cloud           Conj/Pois/Air  0%         N/A       99%         3
 Swiftness                Air            0%         N/A       99%         3
 Teleport Other           Tloc           0%         N/A       99%         3
 Vampiric Draining        Necr           0%         2d6       99%         3
 Flame Wave               Conj/Fire      0%         2d4       100%        4
 Hailstorm                Conj/Ice       0%         3d3       100%        4
 Ice Form                 Ice/Tmut       0%         N/A       100%        4
 Alistair's Intoxication  Tmut/Pois      0%         N/A       100%        5
 Blade Hands              Tmut           0%         N/A       100%        5
 Borgnjor's Vile Clutch   Necr/Erth      0%         N/A       100%        5
 Yara's Violent Unravell  Hex/Tmut       0%         3d3       100%        5
 Dispersal                Tloc           0%         N/A       100%        6
 Eringya's Noxious Bog    Tmut/Pois      0%         N/A       100%        6
 Iron Shot                Conj/Erth      0%         9d1       100%        6
 Enfeeble                 Hex            0%         N/A       100%        7
 Storm Form               Tmut/Air       0%         N/A       100%        7
 Disjunction              Tloc           0%         N/A       100%        8
 Maxwell's Capacitive Co  Air            0%         ∞         100%        8
 Summon Small Mammal      Summ           Unusable   N/A       N/A         1
 Call Imp                 Summ           Unusable   N/A       N/A         2
 Call Canine Familiar     Summ           Unusable   N/A       N/A         3
 Summon Guardian Golem    Hex/Summ       Unusable   N/A       N/A         3
 Animate Armour           Summ/Erth      Unusable   N/A       N/A         4
 Summon Ice Beast         Ice/Summ       Unusable   N/A       N/A         4
 Summon Lightning Spire   Summ/Air       Unusable   N/A       N/A         4
 Summon Mana Viper        Hex/Summ       Unusable   N/A       N/A         5
 Monstrous Menagerie      Summ           Unusable   N/A       N/A         7

Dungeon Overview and Level Annotations

Branches:
Dungeon (15/15)            Temple (1/1) D:5            Lair (5/5) D:9
  Swamp (0/4) Lair:2       Spider (1/4) Lair:3        Slime (0/5) Lair:5
    Orc (2/2) D:11            Elf (1/3) Orc:2        Vaults (0/5) D:13
 Depths (0/4) D:15

Altars:
Ashenzari
Cheibriados
Dithmenos
Elyvilon
Fedhas
Gozag
Hepliaklqana
Kikubaaqudgha
Makhleb
Nemelex Xobeh
Okawaru
Qazlal
Ru
Sif Muna
Trog
Uskayaw
Vehumet
Wu Jian
Xom
Yredelemnul
Zin
The Shining One
Jiyva

Shops:
D:1 ?   D:7 *   D:12 *   Orc:2 :*[(

Annotations:
D:15 Roxanne
Lair:4 3 runed translucent doors, Raneoc's ghost, journeyman MiFi
Spider:1 Donald
Elf:1 1 runed translucent door


Innate Abilities, Weirdness & Mutations

You have a pair of horns on your head.
You reflexively headbutt those who attack you in melee.


Message History

Donald barely misses you.
You puncture Donald! You burn Donald. Your headbutt misses Donald.
Donald is heavily wounded.
Donald hits you with a +4 long sword of holy wrath!
Donald blocks your attack.
Donald is heavily wounded.
Donald hits you with a +4 long sword of holy wrath!!
* * * LOW HITPOINT WARNING * * *
You feel much better.
Donald says, "I wonder if there's an end to this place."
Donald closely misses you. You furiously retaliate!
You headbutt Donald, but do no damage. Donald blocks your attack.
Your headbutt misses Donald.
Donald is heavily wounded.
Donald hits you but does no damage.
You hit Donald but do no damage.
Donald is heavily wounded.
Donald hits you but does no damage.
You hit Donald. You burn Donald. Donald blocks your attack.
Donald is heavily wounded.
You hit Donald. You burn Donald. Donald blocks your attack.
Donald is severely wounded.
Donald hits you with a +4 long sword of holy wrath!
* * * LOW HITPOINT WARNING * * *
You barely miss Donald.
Donald is severely wounded.
Donald hits you but does no damage.
You hit Donald but do no damage.
Donald is heavily wounded.
Donald hits you with a +4 long sword of holy wrath!!
* * * LOW HITPOINT WARNING * * *
You puncture Donald! You burn Donald.
Donald is severely wounded.
You hit Donald. You burn Donald. You headbutt Donald, but do no damage.
Donald is almost dead.
You block Donald's attack.
You hit Donald. You burn Donald.
Donald is almost dead.
Donald hits you with a +4 long sword of holy wrath!
You die...

#.!#..##....#..#..#.#....#..#.#
..#....#...#.....#..#......####
..^..#......#.....^..#=...##
#...^..#..#......#.#......(##
...#^#.....................^#
....##..#.......#........#.##
#.....#.#......^#.......[.##
.......#.......#....#.#...###
...#.#...#....w@@........#..##
##.......#^###.###..#........#
......#.#.#..........#......####
.........#...#..###...#....###≈##
#...#........>^.....#.#.#..# ≈≈#≈
......#....#.#.^...#......###≈≈≈≈
...#.....^..........#...#.~≈≈#≈≈≈
.......#.##.........?#).#..~≈≈≈≈≈
>.#...................###..~≈##≈≈


You could see Donald (fast, strong) and a steelbarb worm.

Vanquished Creatures
  Jorgrun (Spider:1)
  Gastronok (D:8)
  Frances (Lair:3)
  Agnes (D:14)
  2 orc warlords
  A broodmother (Lair:3)
  A very ugly thing (D:15)
  An entropy weaver (Lair:3)
  An ettin (D:15)
  2 fire dragons (D:12)
  10 hydras
  A rakshasa (D:12)
  4 vault guards
  An ogre mage (D:12)
  5 boulder beetles
  A catoblepas (Lair:5)
  6 two-headed ogres
  Erica (D:10)
  7 centaur warriors
  A dancing weapon (Elf:1)
  3 death yaks (Lair:5)
  A tengu warrior (D:15)
  A deep troll shaman (Lair:5)
  Urug (Orc:2)
  3 orc high priests (Orc:2)
  Nergalle (D:11)
  A sun moth (Spider:1)
  A deep elf knight (Elf:1)
  2 deep trolls (D:15)
  A steelbarb worm (Lair:3)
  Lodul (D:11)
  A flayed ghost (D:12)
  A phantasmal warrior (D:12)
  An orb spider (shapeshifter) (D:12)
  2 wizards
  7 orc knights
  2 lindwurms (Lair:5)
  16 ugly things
  4 wolf spiders
  5 deep elf pyromancers
  8 orc sorcerers
  3 manticores
  6 cyclopes
  A black mamba (shapeshifter) (D:13)
  Maurice (D:8)
  15 elephants
  2 black mambas
  4 demonic crawlers
  A gargoyle (D:11)
  A freezing wraith (D:15)
  8 komodo dragons
  2 efreet (D:13)
  11 cane toads
  Maggie (D:6)
  2 kobold demonologists (D:11)
  3 rime drakes
  A tengu conjurer (D:15)
  3 tarantellas
  2 tyrant leeches (Lair:2)
  8 trolls
  A hornet (Lair:2)
  A polar bear (Lair:5)
  5 dream sheep
  14 blink frogs
  7 slime creatures (D:12)
  3 jumping spiders
  An air elemental (Elf:1)
  11 culicivoras
  A spriggan (shapeshifter) (D:14)
  A spriggan (Lair:2)
  2 water elementals
  A vampire (D:11)
  2 shadows (D:11)
  A wraith (D:12)
  48 yaks
  A steam dragon (Lair:2)
  4 wyverns
  4 basilisks
  2 vampire mosquitoes
  11 redbacks
  2 wargs
  An acid dragon (D:10)
  19 water moccasins
  43 orc warriors
  2 black bears
  A sky beast (D:7)
  An ice beast (D:7)
  14 ogres
  37 wolves
  A phantom (D:11)
  3 centaurs
  9 bullfrogs
  4 kobold brigands
  A necrophage (D:6)
  4 scorpions
  9 wights
  A troll zombie (D:11)
  8 killer bees (D:8)
  9 electric eels
  8 howler monkeys
  2 hounds (D:5)
  A jelly (D:5)
  24 orc priests
  34 orc wizards
  3 iguanas
  7 ogre zombies (D:11)
  A boggart simulacrum (D:12)
  3 gnolls (D:5)
  6 adders
  3 white imps
  6 worms
  3 dart slugs
  110 orcs
  9 ball pythons
  9 bats
  9 endoplasms
  2 giant cockroaches
  8 goblins
  4 hobgoblins
  3 jackals (D:4)
  3 quokkas
  4 frilled lizards
  A goblin skeleton (D:11)
  2 goblin zombies (D:11)
  A hobgoblin skeleton (D:11)
  4 hobgoblin zombies (D:11)
  26 kobolds
  5 orc skeletons (D:11)
  12 orc zombies (D:11)
  8 rats
  2 butterflies
800 creatures vanquished.

Vanquished Creatures (others)
  2 orcs (Orc:1)
  2 kobolds (D:8)
  A quokka (D:5)
  A bush (Lair:5)
  A butterfly (Lair:2)
  32 fungi
  44 plants
83 creatures vanquished.

Grand Total: 883 creatures vanquished

Notes
Turn   | Place    | Note
-------+----------+-------------------------------------------
     0 | D:1      | Earthwalker the Minotaur Fighter began the quest for the
                  | Orb.
     0 | D:1      | Reached XP level 1. HP: 19/19 MP: 0/0
   161 | D:1      | Found Yfumyuph's Magic Scroll Boutique.
   170 | D:1      | Reached XP level 2. HP: 27/27 MP: 1/1
   417 | D:1      | Reached XP level 3. HP: 33/33 MP: 2/2
   529 | D:2      | Noticed an ogre
   538 | D:2      | Killed an ogre
   539 | D:2      | Reached skill level 1 in Throwing
   539 | D:2      | Reached skill level 1 in Dodging
   539 | D:2      | Reached skill level 1 in Stealth
   539 | D:2      | Reached XP level 4. HP: 40/40 MP: 3/3
   924 | D:2      | Reached XP level 5. HP: 45/45 MP: 4/4
  1207 | D:2      | Found a faded altar of an unknown god.
  1724 | D:3      | Identified the +8 falchion of the Goat {freeze, rF++}
  2017 | D:4      | Found a radiant altar of Vehumet.
  2024 | D:4      | Found an ancient bone altar of Kikubaaqudgha.
  2028 | D:4      | Found a shimmering blue altar of Sif Muna.
  2032 | D:4      | Got Kikubaaqudgha's Incunable of Necromancy
  2236 | D:4      | Found a hazy altar of Hepliaklqana.
  2451 | D:4      | Reached XP level 6. HP: 49/53 MP: 5/5
  2582 | D:4      | Found an opulent altar of Gozag.
  3236 | D:5      | Entered Level 5 of the Dungeon
  3308 | D:5      | Identified the +8 spear of the Apocalypse {flame, rN+ Int+4
                  | Stlth+}
  3428 | D:5      | Reached skill level 5 in Fighting
  3428 | D:5      | Reached XP level 7. HP: 60/61 MP: 6/6
  3458 | D:5      | Found an iron altar of Okawaru.
  3477 | D:5      | Reached skill level 5 in Armour
  3776 | D:5      | Reached skill level 5 in Shields
  3882 | D:5      | Noticed a +0 short sword
  3882 | D:5      | Noticed a +0 falchion
  3883 | D:5      | Noticed a +0 short sword
  3883 | D:5      | Noticed a +0 spear
  3883 | D:5      | Noticed a +0 falchion
  3884 | D:5      | Noticed a +0 dagger
  3887 | D:5      | Noticed a +0 spear
  3888 | D:5      | Noticed a +0 dagger
  3899 | D:5      | Found a hide-covered altar of Uskayaw.
  3917 | D:5      | Found a white marble altar of Elyvilon.
  3949 | D:5      | Found a staircase to the Ecumenical Temple.
  3968 | Temple   | Entered the Ecumenical Temple
  4173 | D:5      | Got the Folio of Spatial Combat Magic
  4562 | D:6      | Found a snail-covered altar of Cheibriados.
  4569 | D:6      | Noticed Maggie
  4594 | D:6      | Killed Maggie
  4595 | D:6      | Reached XP level 8. HP: 60/69 MP: 7/7
  4935 | D:6      | Found a bloodstained altar of Trog.
  5107 | D:6      | Reached skill level 5 in Polearms
  5421 | D:7      | Found Zin's Purification Station.
  5422 | D:7      | Found a glowing silver altar of Zin.
  5601 | D:7      | Found a shadowy altar of Dithmenos.
  5601 | D:7      | Found a burning altar of Makhleb.
  6051 | D:8      | Reached XP level 9. HP: 75/78 MP: 8/8
  6064 | D:8      | Reached skill level 5 in Dodging
  6307 | D:8      | Noticed Maurice
  6326 | D:8      | Killed Maurice
  6336 | D:8      | Noticed a two-headed ogre
  6374 | D:8      | Killed a two-headed ogre
  6375 | D:8      | Reached skill level 5 in Throwing
  6755 | D:8      | Noticed Gastronok
  6768 | D:8      | Killed Gastronok
  6769 | D:8      | Reached skill level 5 in Stealth
  6769 | D:8      | Reached XP level 10. HP: 69/88 MP: 9/9
  7055 | D:9      | Noticed a two-headed ogre
  7063 | D:8      | Killed a two-headed ogre
  7429 | D:9      | Noticed a two-headed ogre
  7472 | D:9      | Noticed a two-headed ogre
  7600 | D:8      | Killed a two-headed ogre
  7882 | D:9      | Identified the amulet of Hiazxiy {RegenMP Str+4 Int+5}
  7897 | D:9      | Reached XP level 11. HP: 91/95 MP: 10/10
  8400 | D:9      | Found a staircase to the Lair.
  8458 | D:9      | Killed a two-headed ogre
  8823 | D:9      | Found a sparkling altar of Nemelex Xobeh.
  8880 | D:10     | Entered Level 10 of the Dungeon
  8992 | D:10     | Noticed Erica
  9011 | D:10     | Killed Erica
  9854 | D:10     | Found a sacrificial altar of Ru.
 10342 | D:11     | Found a staircase to the Orcish Mines.
 10570 | D:5      | Became a worshipper of Warmaster Okawaru
 10680 | D:11     | Noticed a red ugly thing
 10699 | D:11     | Killed a red ugly thing
 10884 | D:11     | Reached * piety under Okawaru
 11117 | D:11     | Noticed a two-headed ogre
 11129 | D:11     | Killed a two-headed ogre
 11358 | D:11     | Noticed Lodul
 11375 | D:11     | Killed Lodul
 11669 | D:12     | Reached ** piety under Okawaru
 11775 | D:12     | Reached XP level 12. HP: 106/106 MP: 11/11
 11962 | D:12     | Noticed a rakshasa
 12000 | D:12     | Killed a rakshasa
 12109 | D:12     | Noticed a four-headed hydra
 12111 | D:12     | Noticed a seven-headed hydra
 12159 | D:11     | Killed a four-headed hydra
 12159 | D:11     | Reached *** piety under Okawaru
 12160 | D:11     | Reached skill level 10 in Fighting
 12228 | D:12     | Killed a seven-headed hydra
 12229 | D:12     | Reached skill level 10 in Armour
 12229 | D:12     | Reached skill level 10 in Shields
 12596 | D:12     | Reached **** piety under Okawaru
 12806 | D:12     | Noticed a boulder beetle
 12843 | D:12     | Reached skill level 10 in Polearms
 12868 | D:12     | Killed a boulder beetle
 13017 | D:12     | Noticed a two-headed ogre
 13031 | D:12     | Killed a two-headed ogre
 13160 | D:12     | Noticed a centaur warrior
 13169 | D:12     | Killed a centaur warrior
 13169 | D:12     | Reached ***** piety under Okawaru
 13175 | D:12     | Noticed a boulder beetle
 13205 | D:12     | HP: 5/108 [boulder beetle (18)]
 13211 | D:12     | Killed a boulder beetle
 13211 | D:12     | Received a gift from Okawaru
 13601 | D:12     | Noticed a boulder beetle
 13645 | D:11     | Killed a boulder beetle
 13832 | D:12     | Noticed a fire dragon
 13902 | Orc:1    | Entered Level 1 of the Orcish Mines
 13902 | Orc:1    | Noticed an orc warlord
 13903 | Orc:1    | Noticed Nergalle
 13932 | D:12     | Noticed an ogre mage
 13943 | D:12     | Killed an ogre mage
 14040 | D:11     | Killed an orc warlord
 14047 | D:11     | Reached XP level 13. HP: 111/116 MP: 12/12
 15481 | D:11     | Killed Nergalle
 15486 | D:11     | Received a gift from Okawaru
 15952 | Orc:1    | Found Taifun's Vocational Training.
 16170 | Orc:1    | Paralysed by an orc sorcerer for 3 turns
 16892 | Orc:2    | Entered Level 2 of the Orcish Mines
 16965 | Orc:2    | Noticed Urug
 16980 | Orc:2    | Killed Urug
 17106 | Orc:2    | Received a gift from Okawaru
 17602 | Orc:2    | Reached skill level 10 in Dodging
 18122 | Orc:2    | Reached skill level 1 in Invocations
 18272 | Orc:2    | Reached skill level 1 in Evocations
 18509 | Orc:2    | Paralysed by an orc sorcerer for 4 turns
 18510 | Orc:2    | Noticed an orc warlord
 18544 | Orc:2    | Paralysed by an orc sorcerer for 5 turns
 18547 | Orc:2    | HP: 5/115 [orc warlord/+0 war axe (13)]
 18549 | Orc:2    | HP: 1/115 [orc warlord/+0 war axe (5)]
 18980 | Orc:2    | Killed an orc warlord
 19258 | Orc:2    | Found Wuism's Antique Armour Emporium.
 19258 | Orc:2    | Found Cumad's Antique Weapon Emporium.
 19262 | Orc:2    | Found Zuojuol's General Store.
 19262 | Orc:2    | Found Kuuz's Book Shoppe.
 19460 | Orc:2    | Found a staircase to the Elven Halls.
 19954 | Orc:1    | Bought a manual of Evocations for 960 gold pieces
 19954 | Orc:1    | Bought a manual of Invocations for 960 gold pieces
 20041 | Lair:1   | Entered Level 1 of the Lair of Beasts
 20393 | Lair:1   | Received a gift from Okawaru
 20394 | Lair:1   | Reached XP level 14. HP: 37/126 MP: 15/15
 21057 | Lair:1   | Reached ****** piety under Okawaru
 21381 | Lair:2   | Received a gift from Okawaru
 22198 | Lair:2   | Found a staircase to the Swamp.
 23478 | Lair:3   | Reached skill level 5 in Invocations
 23832 | Lair:3   | Received a gift from Okawaru
 24132 | Lair:3   | Found a hole to the Spider Nest.
 24195 | Lair:3   | Received a gift from Okawaru
 24807 | Lair:4   | Found a runed translucent gate.
 24807 | Lair:4   | Found a runed translucent gate.
 24807 | Lair:4   | Found a runed translucent gate.
 25010 | Lair:4   | Noticed Raneoc's ghost (journeyman MiFi)
 25703 | Lair:5   | Entered Level 5 of the Lair of Beasts
 25719 | Lair:4   | Received a gift from Okawaru
 26650 | Lair:5   | Reached skill level 5 in Evocations
 26999 | Lair:5   | Reached XP level 15. HP: 134/134 MP: 18/18
 27201 | Lair:5   | Found the +13 scythe of Curses {drain, Drain}
 27224 | Lair:5   | Identified the +7 dagger "Toyrynl Rihu" {vorpal, rPois MP+9
                  | Str+4}
 27560 | Lair:5   | Found a viscous altar of Jiyva.
 27560 | Lair:5   | Found a staircase to the Slime Pits.
 27890 | Elf:1    | Entered Level 1 of the Elven Halls
 28262 | Elf:1    | Received a gift from Okawaru
 28324 | Elf:1    | Found a runed translucent gate.
 28354 | Elf:1    | HP: 4/135 [deep elf annihilator/crystal spear (65)]
 29437 | D:12     | Found Moamuus's CLEARANCE SALE!.
 29443 | D:12     | Bought a scroll of enchant armour for 30 gold pieces
 29516 | D:13     | Received a gift from Okawaru
 29682 | D:13     | Found a gate leading to a gauntlet.
 29773 | D:13     | Found a gate to the Vaults.
 30185 | D:13     | Found a gateway to a bazaar.
 30268 | Bazaar   | Entered a bazaar
 30276 | Bazaar   | Found Vungouhirr's Antique Armour Shop.
 30276 | Bazaar   | Found Linumpin's Jewellery Shop.
 31295 | D:13     | Received a gift from Okawaru
 32421 | D:14     | Identified the +3 battleaxe of the Shallot {speed, rCorr
                  | Str+3 Int-3 Dex+4}
 32608 | D:15     | Entered Level 15 of the Dungeon
 32631 | D:15     | Noticed Roxanne
 32668 | D:15     | Noticed Agnes
 32680 | D:14     | Killed Agnes
 33101 | D:15     | Received a gift from Okawaru
 33318 | D:15     | Found a staircase to the Depths.
 33798 | D:15     | Identified the +3 plate armour of Gephacue {MP+9}
 34000 | Spider:1 | Entered Level 1 of the Spider Nest
 34773 | Lair:3   | Reached XP level 16. HP: 141/144 MP: 20/20
 35520 | Spider:1 | Noticed Jorgrun
 35545 | Spider:1 | Killed Jorgrun
 35694 | Lair:3   | Identified the +9 dagger of Balance {spect, rN+} (Okawaru
                  | gifted it to you on level 3 of the Lair of Beasts)
 35694 | Lair:3   | Received a gift from Okawaru
 36383 | Spider:1 | Noticed Frances
 36511 | Lair:3   | Killed Frances
 36780 | Spider:1 | Noticed Donald
 36817 | Spider:1 | HP: 1/145 [Donald/+4 long sword of holy wrath (27)]
 36820 | Spider:1 | Mangled by Donald

Illustrated notes

Levels and vault maps discovered:
D:1:      lemuel_arrival_broad_hall, layout_rooms, serial_shops,
          nicolae_shop_stone
D:2:      layout_loops_corners, ebering_ecumenical_altar_webs,
          kennysheep_big_empty_room, serial_bayou_pond_c, minmay_cupped
D:3:      layout_rooms
D:4:      layout_cave_pods, grunt_temple_overflow_magic_moments,
          nicolae_hepliaklqana_hazy_memory, mainiacjoe_overflow_surrounded_room
D:5:      layout_basic, okawaru_ov_weapons_minmay, nicolae_uskayaw_en_pointe,
          elyvilon_altar_4, minmay_temple_entry_stoned_glass
D:6:      layout_loops_corners, slow_altar_1, mainiacjoe_overflow_catwalk,
          uniq_maggie
D:7:      layout_rooms, zin_purify, mainiacjoe_overflow_divided_tiny,
          kennysheep_generic_room_10
D:8:      layout_loops_ring, nicolae_fountain_basement, uniq_gastronok,
          uniq_maurice
D:9:      layout_rooms, nemelex_xobeh_ov_fountains_minmay, lair_entry_dummy
D:10:     layout_basic, nicolae_ru_the_path_less_chosen,
          minmay_misc_feat_ornament, uniq_erica
D:11:     layout_small_grid, zombieorc2_lemuel, uniq_lodul
D:12:     minmay_bad_star, layout_basic, nicolae_shop_clearance
D:13:     layout_loops_cross, lightli_vaults_fourway_checkpoint, serial_shops,
          bzr_entry_customers, gauntlet_entry_generic
D:14:     layout_rooms, grunt_decor_fettered, serial_bayou, serial_bayou_pond_d,
          serial_bayou_pond_a, serial_bayou_pond_a, serial_bayou_ford_a
D:15:     hangedman_depths_entry_civil_slaughter, layout_long_grid,
          dk_noncrumbling_2, uniq_roxanne, uniq_agnes
Temple:   hellmonk_temple_beads
Lair:1:   layout_misc_corridors
Lair:2:   layout_hall_layers, minmay_swamp_entry_worms,
          grunt_forest_large_clearings, lemuel_fruit_fields,
          infiniplex_staircase_pool
Lair:3:   layout_big_grid, hellmonk_spider_entry_life_and_decay,
          grunt_megastairs_3, serial_bayou_shore_b
Lair:4:   layout_long_grid, gammafunk_ghost_icy, serial_bayou_shore_b
Lair:5:   grunt_lair_end_beastmaster, layout_gridlike,
          dpeg_slime_entry_enclosed, nicolae_quartered_pool_medium
Spider:1: layout_spider_delve, uniq_jorgrun, uniq_donald, uniq_frances
Orc:1:    layout_caves, nicolae_shop_vocational, uniq_nergalle
Orc:2:    st_orc_congregation, layout_caves, nicolae_orc_lost_temple, uniq_urug
Elf:1:    layout_geoelf_grid, kennysheep_underground_church,
          nicolae_gammafunk_elf_defective_weapons_storage, lemuel_upstairs_altar

Skill      XL: |  1  2  3  4  5  6  7  8  9 10 11 12 13 14 15 16 |
---------------+-------------------------------------------------+-----
Fighting       | 4 5 6 7 8 9 11 12 13 | 13.8
Polearms       | 3 4 5 7 8 9 10 11 13 14 | 14.9
Throwing       | 1 2 3 4 5 6 7 8 9 |  9.7
Armour         | 4 5 6 7 8 9 10 11 13 14 | 14.6
Dodging        | 1 2 3 4 6 8 9 10 11 | 11.9
Stealth        | 1 2 3 5 6 7 8 9 |  9.9
Shields        | 4 5 6 7 8 9 10 12 13 | 13.6
Invocations    | 2 6 7 8 |  8.2
Evocations     | 2 5 7 |  7.4

Action                   |  1- 3 |  4- 6 |  7- 9 | 10-12 | 13-15 | 16-18 || total
-------------------------+-------+-------+-------+-------+-------+-------++-------
Melee: Trident           |    48 |   222 |       |       |       |       ||   270
       Headbutt          |     8 |    31 |    22 |   126 |   373 |    49 ||   609
       Spear             |       |     4 |   189 |   698 |  1962 |   188 ||  3041
Throw: Dart              |     5 |       |     9 |    25 |    13 |       ||    52
       Boomerang         |       |       |       |       |   156 |    27 ||   183
       Javelin           |       |       |       |       |     8 |       ||     8
Invok: Heroism           |       |       |       |       |     1 |       ||     1
  Use: Scroll            |       |       |    18 |    10 |    17 |       ||    45
       Potion            |       |       |       |     1 |     4 |     1 ||     6
 Stab: Sleeping          |       |       |       |       |     2 |       ||     2
       Petrifying        |       |       |       |       |     2 |       ||     2
       Petrified         |       |       |       |       |     5 |       ||     5
Armor: Scale mail        |    12 |    10 |       |       |       |       ||    22
       Plate armour      |       |   109 |    63 |   221 |   677 |   113 ||  1183
       Leather armour    |       |       |       |       |     8 |       ||     8
Dodge: Dodged            |    12 |    56 |    41 |   152 |   451 |    60 ||   772
Block: Buckler           |     2 |    39 |    27 |   100 |   303 |    40 ||   511
